 Dungeon Sprint DCSS version 0.30.1-9-gdf580d7c3d (webtiles) character file.

Game seed: 13386501563926592691

95 Heoruswealwe the Poker (level 4, 0/45 HPs)
             Began as a Minotaur Fighter on Oct 4, 2023.
             Slain by an orc warrior
             ... wielding a +0 halberd
              (4 damage)
             ... in the Dungeon (Sprint IX: "|||||||||||||||||||||||||||||").
             The game lasted 00:01:09 (128 turns).

Heoruswealwe the Poker (Minotaur Fighter)            Turns: 128, Time: 00:01:10

Health: 0/45       AC:  7    Str: 22    XL:     4   Next: 40%
Magic:  3/3        EV:  9    Int:  5    God:
Gold:   0          SH:  4    Dex: 10    Spells: 3/3 levels left

rFire   . . .        a - +0 trident
rCold   . . .        d - +0 buckler
rNeg    . . .        c - +0 scale mail
rPois   .            (helmet restricted)
rElec   .            (no cloak)
rCorr   .            (no gloves)
SInv    .            (no boots)
Will    .....        (no amulet) Stlth
                     (no ring)
HPRegen 0.27/turn    (no ring)
MPRegen 0.08/turn

%: no teleportation
@: no status effects
A: horns 2, retaliatory headbutt
a: no special abilities


You were in the Dungeon.
You visited 1 branch

Inventory:

Hand Weapons
 a - a +0 trident (weapon)
Armour
 c - a +0 scale mail (worn)
 d - a +0 buckler (worn)
Jewellery
 m - a +3 ring of dexterity
 n - a +3 ring of strength
Wands
 l - a wand of iceblast (10)
Scrolls
 j - 2 scrolls of blinking
 k - 2 scrolls of amnesia
Potions
 b - a potion of might
 e - a potion of invisibility
 f - 3 potions of heal wounds
 g - a potion of haste
 h - 4 potions of curing
 i - a potion of berserk rage


   Skills:
 + Level 6.3 Fighting
 * Level 7.8 Polearms
 + Level 6.3 Armour
 - Level 3.6 Shields


You had 3 spell levels left.
You didn't know any spells.
Your spell library was empty.

Dungeon Overview and Level Annotations

Branches:
Dungeon (1/1)

Altars:
Cheibriados
Dithmenos
Elyvilon
Fedhas
Gozag
Hepliaklqana
Kikubaaqudgha
Makhleb
Nemelex Xobeh
Okawaru
Qazlal
Ru
Sif Muna
Trog
Uskayaw
Vehumet
Wu Jian
Xom
Yredelemnul
Zin
The Shining One
Jiyva
Lugonu


Innate Abilities, Weirdness & Mutations

You have a pair of horns on your head.
You reflexively headbutt those who attack you in melee.


Message History

e - a potion of invisibility;
f - 3 potions of heal wounds (gained 2)
h - 4 potions of curing You see here 2 potions of magic.
Found a +3 ring of strength.
k - 2 scrolls of amnesia;
j - 2 scrolls of blinking (gained 1)
l - a wand of iceblast (10)
Items here: )))))).
Okay, then.
You see here a +0 pair of boots.
You see here a +0 cloak.
You see here a +1 scale mail.
m - a +3 ring of dexterity
n - a +3 ring of strength You open the door. 2 orcs, a troll, 2 howler monkeys and a steam dragon come into view.
An orc wizard is wielding a +1 dagger of speed.
The orc warrior shouts!
The orc wizard shouts!
The howler monkey howls! x2
The steam dragon hisses angrily.
The orc warrior hits you from afar with a +0 halberd!
The orc warrior hits you with a +0 halberd!
* * * LOW HITPOINT WARNING * * *
There is an open door to the Dungeon here.
You closely miss the orc warrior. Your headbutt misses the orc warrior.
The orc warrior barely misses you.
You closely miss the orc warrior. Your headbutt misses the orc warrior.
The orc warrior barely misses you. You furiously retaliate!
You headbutt the orc warrior. You hit the orc warrior.
The orc warrior is lightly wounded.
You hit the orc warrior but do no damage.
The orc warrior is lightly wounded.
The orc wizard gestures wildly while chanting.
The orc wizard flickers and vanishes!
Deactivating autopickup; reactivate with Ctrl-A.
The orc warrior hits you with a +0 halberd.
* * * LOW HITPOINT WARNING * * *
You hit the orc warrior but do no damage.
The orc warrior is lightly wounded.
The orc warrior hits you with a +0 halberd.
You die...

▓.▓
▓)▓
▓.▓
▓[▓
▓[▓
▓[▓
▓.▓
▓.▓
▓@▓
▓o▓
▓{▓
▓h▓
▓T▓
▓h▓
▓D▓
▓+▓


You could see a troll, a steam dragon, an orc warrior and 2 howler monkeys.

Vanquished Creatures
  A scorpion (D)
  A sleepcap (D)
  An ufetubus (D)
  A dart slug (D)
  An endoplasm (D)
  2 quokkas (D)
  A frilled lizard (D)
  2 rats (D)
10 creatures vanquished.

Notes
Turn   | Place    | Note
-------+----------+-------------------------------------------
     0 | D        | Heoruswealwe the Minotaur Fighter began the quest for the
                  | Orb.
     0 | D        | Reached XP level 1. HP: 19/19 MP: 0/0
     9 | D        | Reached skill level 3 in Polearms
    50 | D        | Noticed a sleepcap
    50 | D        | Noticed a scorpion
    52 | D        | Reached skill level 4 in Polearms
    60 | D        | Reached XP level 2. HP: 20/28 MP: 1/1
    66 | D        | Reached skill level 5 in Fighting
    66 | D        | Reached skill level 6 in Polearms
    66 | D        | Reached skill level 5 in Armour
    66 | D        | Reached XP level 3. HP: 23/36 MP: 2/2
    72 | D        | Killed a scorpion
    73 | D        | Reached skill level 7 in Polearms
    73 | D        | Reached XP level 4. HP: 18/45 MP: 3/3
    80 | D        | Found a snail-covered altar of Cheibriados.
    80 | D        | Found a shadowy altar of Dithmenos.
    80 | D        | Found a white marble altar of Elyvilon.
    80 | D        | Found a blossoming altar of Fedhas.
    80 | D        | Found an opulent altar of Gozag.
    81 | D        | Found a hazy altar of Hepliaklqana.
    82 | D        | Found a viscous altar of Jiyva.
    83 | D        | Found an ancient bone altar of Kikubaaqudgha.
    84 | D        | Found a corrupted altar of Lugonu.
    85 | D        | Found a burning altar of Makhleb.
    86 | D        | Found a sparkling altar of Nemelex Xobeh.
    87 | D        | Found an iron altar of Okawaru.
    88 | D        | Found a stormy altar of Qazlal.
    89 | D        | Found a sacrificial altar of Ru.
    90 | D        | Found a shimmering blue altar of Sif Muna.
    91 | D        | Found a bloodstained altar of Trog.
    92 | D        | Found a hide-covered altar of Uskayaw.
    93 | D        | Found a radiant altar of Vehumet.
    94 | D        | Found an ornate altar of the Wu Jian Council.
    95 | D        | Found a shimmering altar of Xom.
    96 | D        | Found a basalt altar of Yredelemnul.
    97 | D        | Found a glowing silver altar of Zin.
    98 | D        | Found a glowing golden altar of the Shining One.
   122 | D        | Noticed an orc warrior
   122 | D        | Noticed a troll
   122 | D        | Noticed a steam dragon
   128 | D        | Slain by an orc warrior

Illustrated notes

Levels and vault maps discovered:
D:        linesprint [early_d, line_temple, items_1, d_10, items_2, lair_1,
          lair_end, items_3, orc_1, orc_end, items_4, d_15, swamp_1, shoals_1,
          snake_1, spider_1, d_20, vaults_1, items_5, swamp_end, shoals_end,
          snake_end, spider_end, vaults_end, d_27, items_6, zot_1, zot_end,
          crypt_end, forest_end, elf_end, slime_end, tomb_end, abyss_end,
          pan_hell_end]

Skill      XL: |  1  2  3 |
---------------+----------+-----
Polearms       | 4 6 7 |  7.8
Fighting       | 4 5 6 |  6.3
Armour         | 4 5 6 |  6.3
Shields        | |  3.6

Action                     |  1- 3 |  4- 6 || total
---------------------------+-------+-------++-------
  Melee: Trident           |    34 |     6 ||    40
         Headbutt          |     1 |       ||     1
    Use: Potion            |     1 |       ||     1
 Armour: Scale mail        |    14 |       ||    14
  Dodge: Dodged            |    11 |     3 ||    14
  Block: Buckler           |    11 |       ||    11
